 Dungeon Crawl Stone Soup version 0.28.0-49-g6dfe1f597d (webtiles) character file.

Game seed: 13634850112584369732

469 Exodus22XD the Chopper (level 6, -4/56 HPs)
             Began as a Minotaur Fighter on May 14, 2022.
             Slain by Edmund
             ... wielding a +5 vorpal flail
              (10 damage)
             ... on level 4 of the Dungeon.
             The game lasted 00:02:19 (3234 turns).

Exodus22XD the Chopper (Minotaur Fighter)           Turns: 3234, Time: 00:02:19

Health: -4/56      AC:  9    Str: 22    XL:     6   Next: 82%
Magic:  5/5        EV:  9    Int:  5    God:
Gold:   257        SH:  4    Dex: 10    Spells: 5/5 levels left

rFire   . . .      SeeInvis .   a - +0 war axe
rCold   . . .      Faith    .   c - +0 buckler
rNeg    . . .      Spirit   .   b - +0 scale mail
rPois   .          Reflect  .   (helmet restricted)
rElec   .          Harm     .   (no cloak)
rCorr   .          Rampage  .   j - +1 pair of gloves
Will    .....                   (no boots)
Stlth   ..........              (no amulet)
HPRegen 0.18/turn               (no ring)
MPRegen 0.09/turn               (no ring)

@: no status effects
A: horns 2, retaliatory headbutt
a: no special abilities


You were on level 4 of the Dungeon.
You visited 1 branch of the dungeon, and saw 4 of its levels.

You collected 257 gold pieces.

Inventory:

Hand Weapons
 a - a +0 war axe (weapon)
 o - a +1 whip of electrocution
Armour
 b - a +0 scale mail (worn)
 c - a +0 buckler (worn)
 j - a +1 pair of gloves (worn)
Jewellery
 l - a ring of magical power
Wands
 n - a wand of polymorph (7)
Scrolls
 f - a scroll of teleportation {unknown}
 g - a scroll of silence {unknown}
 h - a scroll of enchant weapon {unknown}
 i - 3 scrolls of identify {unknown}
 p - a scroll of immolation {unknown}
 q - a scroll of enchant armour {unknown}
 r - a scroll of amnesia {unknown}
 t - a scroll of blinking {unknown}
Potions
 d - a potion of might
 e - 3 potions of curing {unknown}
 k - 2 potions of mutation {unknown}
 m - a potion of degeneration {unknown}
 s - a potion of flight {unknown}


   Skills:
 + Level 5.2 Fighting
 + Level 6.6 Axes
 + Level 5.2 Armour
 + Level 4.3 Shields


You had 5 spell levels left.
You didn't know any spells.
Your spell library contained the following spells:

 Spells                   Type           Power      Damage    Failure   Level
 Gell's Gravitas          Tloc           0%         N/A       99%         3
 Teleport Other           Tloc           0%         N/A       99%         3
 Dispersal                Tloc           0%         N/A       100%        6


Dungeon Overview and Level Annotations

Branches:
Dungeon (4/15)
 Temple: D:4-7

Altars:

Annotations:
D:4 Edmund


Innate Abilities, Weirdness & Mutations

You have a pair of horns on your head.
You reflexively headbutt those who attack you in melee.


Message History

You hit Edmund.
Edmund is lightly wounded.
Edmund closely misses you. You block Edmund's attack.
Edmund is nearby!
You slash Edmund! Your headbutt misses Edmund.
Edmund is moderately wounded.
You block Edmund's attack.
You completely miss Edmund.
Edmund is moderately wounded.
Edmund hits you with a +5 vorpal flail!
You closely miss Edmund.
Edmund is moderately wounded.
Edmund barely misses you.
You slash Edmund! Your headbutt misses Edmund.
Edmund is severely wounded.
Edmund hits you with a +5 vorpal flail. Edmund barely misses you.
You furiously retaliate!
You headbutt Edmund, but do no damage. You hit Edmund.
Edmund is severely wounded.
You block Edmund's attack.
You hit Edmund.
Edmund is almost dead.
Edmund says, "You wouldn't believe how much I paid for this flail."
Edmund hits you with a +5 vorpal flail!
You closely miss Edmund.
Edmund is almost dead.
Edmund hits you with a +5 vorpal flail.
You closely miss Edmund.
Edmund is almost dead.
Edmund hits you with a +5 vorpal flail!
* * * LOW HITPOINT WARNING * * *
x2 Edmund hits you with a +5 vorpal flail.
* * * LOW HITPOINT WARNING * * *
x2 You closely miss Edmund.
Edmund is almost dead.
Edmund hits you but does no damage.
You hit Edmund but do no damage.
Edmund is almost dead.
Edmund hits you with a +5 vorpal flail!
You die...

#.#
#................#
#.#
##..#............#
#(#
#..#............#
#.#
##>.............+
#.###
###............#
<...#
#........?...#
.##.#
#............#
..#.#
#............#
..#.#
#.....@......#
..#.#
#.....@......#
###.#
#............#
..#.#
#..$.........#
###.#
#.....?......#
....#
##############
#####


You could see Edmund.

Vanquished Creatures
  A sky beast (D:4)
  An ogre (D:4)
  An orc priest (D:3)
  2 iguanas (D:4)
  Natasha (thrice) (D:2)
  Robin (D:2)
  2 adders
  A worm (D:4)
  A dart slug (D:1)
  8 orcs (D:3)
  11 endoplasms
  4 giant cockroaches
  11 goblins
  13 hobgoblins
  2 jackals (D:3)
  A quokka (D:4)
  6 ball pythons
  6 bats
  3 frilled lizards
  13 kobolds
  7 rats
98 creatures vanquished.

Notes
Turn   | Place    | Note
-------+----------+-------------------------------------------
     0 | D:1      | Exodus22XD the Minotaur Fighter began the quest for the
                  | Orb.
     0 | D:1      | Reached XP level 1. HP: 19/19 MP: 0/0
   102 | D:1      | Reached XP level 2. HP: 26/27 MP: 1/1
   284 | D:1      | Reached skill level 3 in Axes
   284 | D:1      | Reached XP level 3. HP: 25/33 MP: 2/2
   712 | D:2      | Noticed Natasha
   719 | D:2      | Killed Natasha
   848 | D:2      | Noticed Robin
   852 | D:2      | Reached XP level 4. HP: 34/41 MP: 3/3
   867 | D:2      | Killed Robin
   894 | D:2      | Noticed Natasha
   904 | D:2      | Killed Natasha
   905 | D:2      | Reached skill level 4 in Axes
  1258 | D:2      | Noticed Natasha
  1264 | D:2      | Killed Natasha
  1265 | D:2      | Reached XP level 5. HP: 39/47 MP: 4/4
  1880 | D:3      | Reached skill level 5 in Axes
  2627 | D:4      | Noticed a sky beast
  2636 | D:4      | Killed a sky beast
  2637 | D:4      | Reached skill level 5 in Fighting
  2637 | D:4      | Reached skill level 6 in Axes
  2637 | D:4      | Reached XP level 6. HP: 33/56 MP: 5/5
  2872 | D:4      | Reached skill level 5 in Armour
  3220 | D:4      | Noticed Edmund
  3234 | D:4      | Slain by Edmund

Illustrated notes

Levels and vault maps discovered:
D:1:      eino_arrival_cavern_b, layout_rooms, minivault_24
D:2:      layout_loops_ring, uniq_robin, uniq_natasha
D:3:      layout_loops_ring, kennysheep_generic_room_8
D:4:      layout_basic, uniq_edmund

Skill      XL: |  1  2  3  4  5  6 |
---------------+-------------------+-----
Armour         | 4 5 |  5.2
Fighting       | 4 5 |  5.2
Shields        | 4 |  4.3
Axes           | 3 4 6 |  6.6

Action                   |  1- 3 |  4- 6 || total
-------------------------+-------+-------++-------
Melee: War axe           |    73 |   165 ||   238
       Headbutt          |     7 |    13 ||    20
       Unarmed           |       |     1 ||     1
Armor: Scale mail        |    43 |    81 ||   124
Dodge: Dodged            |    39 |    67 ||   106
Block: Buckler           |    29 |    33 ||    62
